 Dungeon Crawl Stone Soup version 0.29.1-12-g30fa7ad0bf (webtiles) character file.

Game seed: 8730485766232363822

1108 hawla the Firebug (level 8, -3/57 HPs)
             Began as a Meteoran Fire Elementalist on Jan 7, 2023.
             Was a Believer of Vehumet.
             Killed by miscasting Flame Wave (10 damage)
             ... on level 6 of the Dungeon.
             The game lasted 00:10:39 (1548 turns).

hawla the Firebug (Meteoran Fire Elementalist)      Turns: 1548, Time: 00:10:40

Health: -3/57      AC:  6    Str: 15    XL:     8   Next: 90%
Magic:  4/15       EV: 13    Int: 18    God:    Vehumet [**....]
Gold:   210        SH:  0    Dex: 16    Spells: 4/16 levels left

rFire   . . .      SeeInvis .   a - +0 long sword
rCold   + . .      Faith    .   (no shield)
rNeg    . . .      Spirit   .   i - +2 robe {rC+}
rPois   .          Reflect  .   j - +0 helmet
rElec   .          Harm     .   (no cloak)
rCorr   .          Rampage  .   c - +0 pair of gloves
Will    +....                   (no boots)
Stlth   +.........              (no amulet)
HPRegen 0.19/turn               d - +6 ring of strength
MPRegen 0.14/turn               (no ring)

@: very slightly contaminated, glowing
A: sense surroundings 1, otherworldly, glowing, explore regen
a: Renounce Religion


You were on level 6 of the Dungeon.
You worshipped Vehumet.
Vehumet was pleased with you.
You visited 2 branches of the dungeon, and saw 7 of its levels.

You collected 210 gold pieces.

Inventory:

Hand Weapons
 a - a +0 long sword (weapon)
Armour
 c - a +0 pair of gloves (worn)
 i - a +2 robe of cold resistance (worn)
 j - a +0 helmet (worn)
Jewellery
 d - a +6 ring of strength (left hand)
Wands
 h - a wand of paralysis (10) (quivered)
Scrolls
 f - 3 scrolls of identify
 l - a scroll of enchant weapon {unknown}
Potions
 g - 3 potions of attraction
 k - 2 potions of flight {unknown}


   Skills:
 - Level 3.6 Long Blades
 - Level 3.0 Dodging
 - Level 1.4 Stealth
 - Level 4.5 Spellcasting
 - Level 5.5 Conjurations
 - Level 5.5 Fire Magic
 + Level 3.9 Ice Magic
 + Level 4.3 Air Magic
 - Level 2.0 Evocations


You had 4 spell levels left.
You knew the following spells:

 Your Spells              Type           Power      Damage    Failure   Level
a - Foxfire               Conj/Fire      96%        2x1d8     1%          1
b - Scorch                Fire           48%        2d7       2%          2
c - Flame Wave            Conj/Fire      24%        2d8       14%         4
d - Freezing Cloud        Conj/Ice/Air   10%        6-21      50%         5

Your spell library contained the following spells:

 Spells                   Type           Power      Damage    Failure   Level
 Shock                    Conj/Air       84%        1d8       1%          1
 Conjure Flame            Conj/Fire      24%        6-21      4%          3
 Poisonous Vapours        Pois/Air       22%        N/A       9%          2
 Mephitic Cloud           Conj/Pois/Air  15%        N/A       11%         3
 Inner Flame              Hex/Fire       14%        N/A       13%         3
 Ignite Poison            Fire/Tmut/Pois 10%        N/A       21%         3
 Corpse Rot               Necr/Pois/Air  9%         N/A       58%         4


Dungeon Overview and Level Annotations

Branches:
Dungeon (6/15) Zot: 2051   Temple (1/1) D:4 Zot: 593

Altars:
Nemelex Xobeh
Okawaru
Vehumet


Innate Abilities, Weirdness & Mutations

You passively map a small area around you.
You are easily found by Zot.
You glow in the dark.
You regain HP and MP as you explore.


Message History

Your foxfire dissipates!
Casting: Foxfire (safe; 1% risk of failure)
Confirm with . or Enter, or press ? or * to list all spells.
Flames lash the rat.
You kill the rat!
Vehumet accepts your kill.
You feel your power returning.
A rat comes into view.
Found a quokka corpse.
The orc warrior shouts!
Found a rat corpse.
Casting: Scorch (safe; 2% risk of failure)
Confirm with . or Enter, or press ? or * to list all spells.
Flames lash the rat.
You kill the rat!
Vehumet accepts your kill.
Casting: Scorch (safe; 2% risk of failure)
Confirm with . or Enter, or press ? or * to list all spells.
Flames lash the orc warrior but do no damage.
Casting: Scorch (safe; 2% risk of failure)
Confirm with . or Enter, or press ? or * to list all spells.
Flames lash the orc warrior.
The orc warrior is moderately wounded.
The orc warrior's fire resistance burns away.
The orc warrior hits you with a +0 scimitar!
Casting: Scorch (safe; 2% risk of failure)
Confirm with . or Enter, or press ? or * to list all spells.
Flames lash the orc warrior.
The orc warrior is burned terribly!
The orc warrior is almost dead.
The orc warrior hits you with a +0 scimitar!!
* * * LOW HITPOINT WARNING * * *
Unknown command.
Casting: Scorch (safe; 2% risk of failure)
Confirm with . or Enter, or press ? or * to list all spells.
Casting: Flame Wave (dangerous; 14% risk of failure)
Press: ? - help, Dir - look around, f - activate You miscast Flame Wave.
You are very lightly contaminated with residual magic.
The air around you burns with energy!
You die...

.# , .# ##....### .#
.......# ## *
,#......# # ......# #
# , * #†....# # #. *
###†††..# # ###
#.####††#o...# ###.##
##..#.###@...#
...#.###.##.##..#..##
###.#.##..†...######
##.#..###...##
#######...#.#
#..###.## ### #.##
##.# #.# ##†## #.##
#.# #..####.# ##.#


You could see an orc warrior (combustible).

Vanquished Creatures
  A water moccasin (D:5)
  A sky beast (D:6)
  A black bear (D:4)
  A bullfrog (D:6)
  A necrophage (D:6)
  3 scorpions (D:6)
  5 hounds
  2 jellies
  2 orc priests
  A gnoll bouda (D:5)
  An iguana (D:6)
  4 adders
  6 gnolls
  5 river rats (D:6)
  A white imp (D:6)
  A worm (D:4)
  A dart slug (D:4)
  6 orcs
  3 endoplasms
  3 goblins
  3 hobgoblins
  5 kobolds
  10 quokkas
  2 ball pythons
  10 rats
79 creatures vanquished.

Vanquished Creatures (collateral kills)
  An orc (D:6)
1 creature vanquished.

Vanquished Creatures (others)
  140 foxfires
140 creatures vanquished.

Grand Total: 220 creatures vanquished

Notes
Turn   | Place    | Note
-------+----------+-------------------------------------------
     0 | D:1      | hawla the Meteoran Fire Elementalist began the quest for
                  | the Orb.
     0 | D:1      | Reached XP level 1. HP: 14/14 MP: 5/5
    52 | D:1      | Found a faded altar of an unknown god.
   151 | D:2      | Reached XP level 2. HP: 20/20 MP: 2/6
   318 | D:3      | Learned a level 2 spell: Scorch
   426 | D:3      | Reached XP level 3. HP: 26/26 MP: 0/8
   510 | D:4      | Reached XP level 4. HP: 30/33 MP: 3/10
   557 | D:4      | Noticed a black bear
   564 | D:4      | Killed a black bear
   565 | D:4      | Reached skill level 5 in Fire Magic
   565 | D:4      | Reached XP level 5. HP: 38/38 MP: 3/12
   565 | D:4      | Reached XP level 6. HP: 45/45 MP: 3/13
   570 | D:4      | Learned a level 4 spell: Flame Wave
   580 | D:4      | Found a staircase to the Ecumenical Temple.
   612 | Temple   | Entered the Ecumenical Temple
   615 | Temple   | Became a worshipper of Vehumet
   664 | D:5      | Entered Level 5 of the Dungeon
   727 | D:5      | Reached XP level 7. HP: 39/50 MP: 2/14
   928 | D:5      | Noticed a water moccasin
   931 | D:5      | Killed a water moccasin
   932 | D:5      | Reached skill level 1 in Long Blades
   932 | D:5      | Reached skill level 5 in Conjurations
  1015 | D:6      | Found an iron altar of Okawaru.
  1076 | D:6      | Reached skill level 1 in Evocations
  1102 | D:6      | Reached * piety under Vehumet
  1102 | D:6      | Offered knowledge of Freeze by Vehumet.
  1103 | D:6      | Reached XP level 8. HP: 57/57 MP: 10/15
  1109 | D:6      | Learned a level 5 spell: Freezing Cloud
  1163 | D:6      | Reached skill level 1 in Ice Magic
  1163 | D:6      | Reached skill level 1 in Air Magic
  1493 | D:6      | Reached ** piety under Vehumet
  1493 | D:6      | Offered knowledge of Shock by Vehumet.
  1548 | D:6      | Killed by miscasting Flame Wave

Illustrated notes

Levels and vault maps discovered:
D:1:      ncdulo_lavacross, layout_loops_corners,
          hellmonk_ecumenical_altar_leap_of_faith, minivault_5
D:2:      layout_loops_ring
D:3:      layout_basic, nzn_wu_jian_council_hall
D:4:      minmay_general_purpose_star, layout_loops_ring, led_sif_pool,
          minmay_temple_entry_overgrown, chequers_avenue
D:5:      layout_cave_pools, nicolae_overflow_hidden_temple, serial_rivers,
          chequers_serial_rivers_small_3, chequers_serial_rivers_micro_b,
          chequers_serial_rivers_micro_b, chequers_serial_rivers_large_b
D:6:      lemuel_ratsnest, layout_basic, okawaru_metal_pillars_3,
          minmay_parallelograms, minmay_misc_feat_iff
Temple:   nicolae_temple_hex_pool

Skill      XL: |  1  2  3  4  5  6  7  8 |
---------------+-------------------------+-----
Fire Magic     | 4 5 |  5.5
Spellcasting   | 3 4 |  4.5
Dodging        | 3 |  3.0
Conjurations   | 2 4 5 |  5.5
Long Blades    | 3 |  3.6
Evocations     | 2 |  2.0
Ice Magic      | 3 |  3.9
Air Magic      | 4 |  4.3
Stealth        | |  1.4

Action                   |  1- 3 |  4- 6 |  7- 9 || total
-------------------------+-------+-------+-------++-------
Melee: Unarmed           |     2 |     3 |       ||     5
       Long sword        |       |       |    35 ||    35
 Cast: Foxfire           |    30 |    27 |    28 ||    85
       Scorch            |     4 |    13 |    21 ||    38
       Flame Wave        |       |       |     5 ||     5
  Use: Scroll            |     1 |       |     2 ||     3
       Potion            |       |       |     2 ||     2
Armor: Robe              |     1 |       |    16 ||    17
Dodge: Dodged            |     2 |     5 |    31 ||    38
